 Dungeon Crawl Stone Soup version 0.18-a0-1572-g0a86841 (webtiles) character file.

94 efeugfuoejbhfjlelj the Shield-Bearer (level 4, -3/40 HPs)
             Began as a Minotaur Fighter on Mar 15, 2016.
             Slain by Psiweapon's ghost (11 damage)
             ... on level 3 of the Dungeon.
             The game lasted 00:07:35 (2014 turns).

efeugfuoejbhfjlelj the Shield-Bearer (MiFi)         Turns: 2014, Time: 00:07:36

Health: -3/40      AC:  7    Str: 22    XL:     4   Next: 38%
Magic:  3/3        EV: 13    Int:  5    God:
Gold:   101        SH:  0    Dex: 14    Spells: 0 memorised, 3 levels left

rFire  . . .     SeeInvis .     a - +0 war axe
rCold  . . .     Gourm    .     b - +0 scale mail
rNeg   . . .     Faith    .     c - +0 shield
rPois  .         Spirit   .     (helmet restricted)
rElec  .         Dismiss  .     (no cloak)
rCorr  .         Reflect  .     (no gloves)
SustAt .         Harm     .     (no boots)
MR     .....                    (no amulet)
Stlth  ..........               (no ring)
                                (no ring)

@: confused, agile, drained, not resistant to hostile enchantments, extremely
unstealthy
A: retaliatory headbutt, horns 2
a: no special abilities


You were on level 3 of the Dungeon.
You were not hungry.

You visited 1 branch of the dungeon, and saw 3 of its levels.

You collected 101 gold pieces.

Inventory:

Hand Weapons
 a - a +0 war axe (weapon)
Armour
 b - a +0 scale mail (worn)
 c - a +0 shield (worn)
Scrolls
 d - 2 scrolls of remove curse
 h - 2 scrolls of blinking
 q - a scroll of identify
Potions
 e - a potion of curing
 g - a potion of ambrosia
 k - a potion of flight {unknown}
 m - a potion of brilliance {unknown}
 n - a potion of mutation {unknown}
 o - a potion of degeneration {unknown}
Books
 p - a book of Annihilations

   Spells                             Type                      Level
   a - Poison Arrow                   Conjuration/Poison           6
   b - Chain Lightning                Conjuration/Air              8
   c - Lehudib's Crystal Spear        Conjuration/Earth            8
   d - Glaciate                       Conjuration/Ice              9
   e - Fire Storm                     Conjuration/Fire             9
Comestibles
 f - 3 bread rations
 j - a meat ration
 l - 4 chunks of flesh


   Skills:
 + Level 4.1(3.7) Fighting
 * Level 3.9(3.5) Axes
 + Level 4.1(3.7) Armour
 + Level 1.5(1.2) Dodging
 + Level 4.3(3.9) Shields


You had 3 spell levels left.
You didn't know any spells.

Dungeon Overview and Level Annotations

Branches:
Dungeon (3/15)

Altars:
Fedhas
Vehumet

Annotations:
D:3 Psiweapon's ghost, weakling HOGl


Innate Abilities, Weirdness & Mutations

You reflexively headbutt those who attack you in melee.
You have a pair of horns on your head.


Message History

Psiweapon's ghost is moderately damaged.
Psiweapon's ghost hits you!
You barely miss Psiweapon's ghost.
Psiweapon's ghost is moderately damaged.
Psiweapon's ghost hits you but does no damage.
Psiweapon's ghost barely misses you. You furiously retaliate!
You headbutt Psiweapon's ghost, but do no damage.
You barely miss Psiweapon's ghost.
Psiweapon's ghost is moderately damaged.
Psiweapon's ghost hits you!
You closely miss Psiweapon's ghost. Your headbutt misses Psiweapon's ghost.
Psiweapon's ghost is moderately damaged.
Psiweapon's ghost closely misses you. Psiweapon's ghost hits you!
* * * LOW HITPOINT WARNING * * *
You are too injured to fight recklessly!
You are too injured to fight recklessly!
Drink which item? (? for menu, Esc to quit)
You are confused.
You feel invigorated. Psiweapon's ghost hits you!
You die...

### #.. #.# #.#
#
.#######.####.##
###
......W@.$......
..#
$.######?#.##.#
#.# #....#.# #.#
#......# #.#
##...### #.#
##.## #.# #.#
#####.#### #.#
#........#
##'###.###.##>##


You could see Psiweapon's ghost.

Vanquished Creatures
  Robin (D:2)
  3 adders
  A worm (D:2)
  A dart slug (D:1)
  A giant gecko (D:2)
  An orc (D:3)
  3 ball pythons
  A bat (D:1)
  A giant cockroach (D:2)
  12 goblins
  8 hobgoblins
  A quokka (D:3)
  2 giant newts
  5 kobolds
  7 rats
48 creatures vanquished.

Notes
Turn   | Place    | Note
--------------------------------------------------------------
     0 | D:1      | efeugfuoejbhfjlelj the Minotaur Fighter began the quest for the Orb.
     0 | D:1      | Reached XP level 1. HP: 19/19 MP: 0/0
   462 | D:1      | Reached XP level 2. HP: 27/27 MP: 1/1
   583 | D:1      | Reached skill level 1 in Dodging
   831 | D:2      | Reached XP level 3. HP: 3/33 MP: 2/2
  1131 | D:2      | Noticed Robin
  1137 | D:2      | Found a faded altar to an unknown god.
  1190 | D:2      | Killed Robin
  1384 | D:2      | Reached XP level 4. HP: 27/40 MP: 3/3
  1838 | D:2      | Found a blossoming altar of Fedhas.
  1978 | D:3      | Found a radiant altar of Vehumet.
  2006 | D:3      | Noticed Psiweapon's ghost (weakling HOGl)
  2014 | D:3      | Slain by Psiweapon's ghost

Vault maps used:
D:1:      scummos_arrival_gate
D:2:      nicolae_overflow_hidden_temple, ecumenical_altar_1, first_bread,
          st_stairs_9, uniq_robin
D:3:      old_standard_altar, lemuel_round_altar

Skill      XL: |  1  2  3  4 |
---------------+-------------+-----
Dodging        | 1 |  1.5
Axes           | 3 |  3.9
Shields        | 4 |  4.3
Fighting       | 4 |  4.1
Armour         | 4 |  4.1

Action                   |  1- 3 |  4- 6 || total
-------------------------+-------+-------++-------
Melee: War axe           |    83 |    33 ||   116
  Use: Scroll            |     5 |     2 ||     7
       Potion            |     1 |     2 ||     3
  Eat: Chunk             |     1 |     3 ||     4
